 Dungeon Crawl Stone Soup version 0.29-a0-384-g6960b1960d (webtiles) character file.

Game seed: 10313444885902374664

62 holysushi the Skirmisher (level 4, -10/49 HPs)
             Began as an Ogre Monk on May 7, 2022.
             Mangled by an ogre
             ... wielding a +0 giant spiked club
              (19 damage)
             ... on level 4 of the Dungeon.
             The game lasted 00:01:49 (1043 turns).

holysushi the Skirmisher (Ogre Monk)                Turns: 1043, Time: 00:01:50

Health: -10/49     AC:  3    Str: 15    XL:     4   Next: 8%
Magic:  4/4        EV: 10    Int: 11    God:
Gold:   45         SH:  0    Dex: 13    Spells: 3/3 levels left

rFire   . . .      SeeInvis .   a - +0 mace
rCold   . . .      Faith    .   (no shield)
rNeg    . . .      Spirit   .   b - +0 robe
rPois   .          Reflect  .   (helmet restricted)
rElec   .          Harm     .   (no cloak)
rCorr   .          Rampage  .   (gloves unavailable)
Will    .....                   (boots unavailable)
Stlth   ++........              (no amulet)
HPRegen 0.16/turn               (no ring)
MPRegen 0.09/turn               (no ring)

@: no status effects
A: large, unfitting armour, tough skin 1
a: no special abilities


You were on level 4 of the Dungeon.
You visited 1 branch of the dungeon, and saw 3 of its levels.

You collected 129 gold pieces.
You spent 84 gold pieces at shops.

Inventory:

Hand Weapons
 a - a +0 mace (weapon)
Armour
 b - a +0 robe (worn)
Jewellery
 j - a +4 ring of slaying
Scrolls
 d - a scroll of teleportation {unknown}
 e - a scroll of torment {unknown}
 i - a scroll of silence {unknown}
Potions
 c - a potion of ambrosia
 f - a potion of resistance {unknown}
 g - a potion of curing
 h - a potion of might


   Skills:
 + Level 4.9 Fighting
 * Level 3.9 Maces & Flails
 - Level 2.6 Dodging
 - Level 1.4 Stealth


You had 3 spell levels left.
You didn't know any spells.
Your spell library was empty.

Dungeon Overview and Level Annotations

Branches:
Dungeon (2/15)

Altars:

Shops:
D:1 !


Innate Abilities, Weirdness & Mutations

You are too large for most types of armour.
You have tough skin. (AC +1)


Message History

You hit the kobold.
You kill the kobold!
You hit the endoplasm.
The endoplasm is heavily wounded.
The endoplasm hits you. The endoplasm freezes you.
You are frozen.
You hit the endoplasm.
You kill the endoplasm!
You start resting.
HP restored.
A sourceless malevolence fills the Dungeon...
You fall into a shaft and drop 2 floors!
The shaft crumbles and collapses.
An ogre and an adder come into view.
You aren't carrying any items that you can evoke.
Unknown command.
The helpless ogre fails to defend itself.
You sock the ogre!
The ogre is moderately wounded.
The ogre hits you with a +0 giant spiked club!
The adder hisses angrily.
You hit the ogre.
The ogre is moderately wounded.
You hit the ogre.
The ogre is moderately wounded.
The ogre barely misses you.
Unknown command.
You barely miss the ogre.
The ogre is moderately wounded.
The adder bites you.
The ogre hits you with a +0 giant spiked club!!
* * * LOW HITPOINT WARNING * * *
The adder bites you.
* * * LOW HITPOINT WARNING * * *
You hit the ogre.
The ogre is heavily wounded.
The adder barely misses you.
The ogre hits you with a +0 giant spiked club!!
You die...

## .. #. #.
#.########
######..O......
......S@#
#.####.## #. ##


You could see an ogre and an adder.

Vanquished Creatures
  Jessica (D:2)
  An adder (D:2)
  A dart slug (D:1)
  4 ball pythons
  An endoplasm (D:2)
  A giant cockroach (D:1)
  5 goblins (D:1)
  3 hobgoblins
  5 kobolds
  2 rats (D:1)
24 creatures vanquished.

Notes
Turn   | Place    | Note
-------+----------+-------------------------------------------
     0 | D:1      | holysushi the Ogre Monk began the quest for the Orb.
     0 | D:1      | Reached XP level 1. HP: 24/24 MP: 1/1
    58 | D:1      | Reached XP level 2. HP: 22/32 MP: 2/2
   180 | D:1      | Found Qonitu's Distillery.
   191 | D:1      | Bought a potion of curing for 36 gold pieces
   237 | D:1      | Bought a potion of might for 48 gold pieces
   487 | D:1      | Found a faded altar of an unknown god.
   667 | D:2      | Reached XP level 3. HP: 31/40 MP: 3/3
   764 | D:2      | Noticed Jessica
   772 | D:2      | Killed Jessica
   773 | D:2      | Reached XP level 4. HP: 28/49 MP: 4/4
  1038 | D:2      | You fall into a shaft and drop 2 floors!
  1038 | D:4      | Noticed an ogre
  1043 | D:4      | Mangled by an ogre

Illustrated notes

Levels and vault maps discovered:
D:1:      dpeg_arrival_pits, layout_rooms, ebering_ecumenical_altar_hall,
          serial_shops, shop_coins
D:2:      layout_rooms, corexii_shack, uniq_jessica, uniq_sigmund, uniq_natasha
D:4:      minmay_spotlight, layout_loops_ring

Skill      XL: |  1 |
---------------+----+-----
Maces & Flails | 3 |  3.9
Fighting       | |  4.9
Dodging        | |  2.6
Stealth        | |  1.4

Action                   |  1- 3 |  4- 6 || total
-------------------------+-------+-------++-------
Melee: Mace              |    53 |    14 ||    67
       Punch             |     1 |       ||     1
 Stab: Sleeping          |     1 |     1 ||     2
Armor: Robe              |    15 |     1 ||    16
Dodge: Dodged            |    29 |     5 ||    34

Table legend: (Time is in decaauts)
 A = Elapsed time spent in this place.
 B = Non-inter-level travel time spent in this place.
 C = Inter-level travel time spent in this place.
 D = Time resting spent in this place.
 E = Time spent auto-exploring this place.
 F = Levels seen in this place.
 G = Mean time per level.
                   A        B        C        D        E       F      G
               +--------+--------+--------+--------+--------+-----+--------+
         Total |   1058 |   1058 |      0 |    334 |    428 |   3 |  352.7 |
       Dungeon |   1058 |   1058 |      0 |    334 |    428 |   3 |  352.7 |
               +--------+--------+--------+--------+--------+-----+--------+

Top non-repeatable levels by time:
     D:1: 669 daAuts
     D:2: 383 daAuts
     D:4: 5 daAuts
